TOP OF THE 1ST |
Topeka Tornados batting - Pitching for Richmond Flairs : RHP John Smith
|
Pitching: RHP John Smith
|
|
Batting: RHB Armando Méndez
|
0-0: Ball 1-0: Ball 2-0: SINGLE (Flyball, 9LS)
|
Batting: RHB Gabriel Santana
|
0-0: Ball 1-0: Grounds into double play, 5-4-3 (Groundball, 56)
|
Batting: LHB Edward Rose
|
0-0: Ball 1-0: Called Strike 1-1: Ground out 6-3 (Groundball, 6)
|
Top of the 1st over - 0 run(s), 1 hit(s), 0 error(s), 0 left on base; Topeka 0 - Richmond 0 |
BOTTOM OF THE 1ST |
Richmond Flairs batting - Pitching for Topeka Tornados : LHP Seiichi Yamamoto
|
Pitching: LHP Seiichi Yamamoto
|
|
Batting: RHB Javier Rentería
|
0-0: Foul Ball, location: 2F 0-1: Fly out, F8 (Flyball, 8LS)
|
Batting: RHB Freddy Padilla
|
0-0: Called Strike 0-1: Foul Ball, location: 2F 0-2: Ground out 5-3 (Groundball, 56)
|
Batting: RHB Elliott Johnston
|
0-0: Ball 1-0: Called Strike 1-1: Foul Ball, location: 2F 1-2: Strikes out swinging
|
Bottom of the 1st over - 0 run(s), 0 hit(s), 0 error(s), 0 left on base; Topeka 0 - Richmond 0 |
TOP OF THE 2ND |
Topeka Tornados batting - Pitching for Richmond Flairs : RHP John Smith
|
Batting: SHB Javier Peña
|
0-0: Ball 1-0: Called Strike 1-1: Swinging Strike 1-2: Foul Ball, location: 2F 1-2: Strikes out looking
|
Batting: RHB Don Thomas
|
0-0: Called Strike 0-1: Ball 1-1: Ball 2-1: Fly out, F6 (Line Drive, 56)
|
Batting: SHB Giancarlo Giannini
|
0-0: Foul Ball, location: 2F 0-1: Ball 1-1: Ball 2-1: Swinging Strike 2-2: Ball 3-2: Ground out 4-3 (Groundball, 4)
|
Top of the 2nd over - 0 run(s), 0 hit(s), 0 error(s), 0 left on base; Topeka 0 - Richmond 0 |
BOTTOM OF THE 2ND |
Richmond Flairs batting - Pitching for Topeka Tornados : LHP Seiichi Yamamoto
|
Batting: RHB R.J. Crosby
|
0-0: Ball 1-0: Swinging Strike 1-1: Ground out 4-3 (Groundball, 4)
|
Batting: LHB Luis Villa
|
0-0: Ball 1-0: Ball 2-0: Ball 3-0: Fly out, F9 (Flyball, 9S)
|
Batting: RHB Gary Thomas
|
0-0: SINGLE (Groundball, 6MD)
|
Batting: SHB Carlos Reyes
|
0-0: Called Strike 0-1: SINGLE (Line Drive, 6D) Gary Thomas to second
|
Batting: LHB Frank Geddes
|
0-0: Ball 1-0: Foul Ball, location: 2F 1-1: Foul Ball, location: 2F 1-2: Foul Ball, location: 2F 1-2: Ball 2-2: Fielders Choice at 2nd, 4-6 (Groundball, 34)
|
Bottom of the 2nd over - 0 run(s), 2 hit(s), 0 error(s), 1 left on base; Topeka 0 - Richmond 0 |
TOP OF THE 3RD |
Topeka Tornados batting - Pitching for Richmond Flairs : RHP John Smith
|
Batting: RHB Desi Thompson
|
0-0: Ball 1-0: Ball 2-0: Ball 3-0: Foul Ball, location: 2F 3-1: Called Strike 3-2: Strikes out swinging
|
Batting: LHB José López
|
0-0: Ball 1-0: Called Strike 1-1: Foul Ball, location: 2F 1-2: Foul Ball, location: 2F 1-2: Strikes out swinging
|
Batting: RHB Dave Henderson
|
0-0: Called Strike 0-1: Ball 1-1: Ground out 1-3 (Groundball, P)
|
Top of the 3rd over - 0 run(s), 0 hit(s), 0 error(s), 0 left on base; Topeka 0 - Richmond 0 |
BOTTOM OF THE 3RD |
Richmond Flairs batting - Pitching for Topeka Tornados : LHP Seiichi Yamamoto
|
Batting: RHB Ray Yates
|
0-0: Called Strike 0-1: Ball 1-1: Swinging Strike 1-2: Strikes out swinging
|
Batting: RHB Javier Rentería
|
0-0: Ball 1-0: SINGLE (Line Drive, 78S)
|
Batting: RHB Freddy Padilla
|
0-0: Ball 1-0: Foul Ball, location: 2F 1-1: Ball Throwing error on steal attempt, E2 Javier Rentería to third 2-1: Ground out 6-3 (Groundball, 6) Javier Rentería scores
|
Batting: RHB Elliott Johnston
|
0-0: Called Strike 0-1: Fly out, F7 (Line Drive, 78D)
|
Bottom of the 3rd over - 1 run(s), 1 hit(s), 1 error(s), 0 left on base; Topeka 0 - Richmond 1 |
TOP OF THE 4TH |
Topeka Tornados batting - Pitching for Richmond Flairs : RHP John Smith
|
Batting: RHB Armando Méndez
|
0-0: Ball 1-0: SINGLE (Flyball, 9S)
|
Batting: RHB Gabriel Santana
|
0-0: Foul Ball, location: 2F 0-1: Ball 1-1: Ball 2-1: Fly out, F8 (Flyball, 8RM)
|
Batting: LHB Edward Rose
|
0-0: Fly out, F8 (Line Drive, 8LM)
|
Batting: SHB Javier Peña
|
Pickoff Throw to First - Out!
|
Top of the 4th over - 0 run(s), 1 hit(s), 0 error(s), 0 left on base; Topeka 0 - Richmond 1 |
BOTTOM OF THE 4TH |
Richmond Flairs batting - Pitching for Topeka Tornados : LHP Seiichi Yamamoto
|
Batting: RHB R.J. Crosby
|
0-0: Ball 1-0: Ground out 3-1 (Groundball, 34S)
|
Batting: LHB Luis Villa
|
0-0: Called Strike 0-1: Called Strike 0-2: Foul Ball, location: 2F 0-2: Ball 1-2: Strikes out swinging
|
Batting: RHB Gary Thomas
|
0-0: SINGLE (Line Drive, 78M)
|
Batting: SHB Carlos Reyes
|
0-0: Ball 1-0: Foul Ball, location: 2F 1-1: SINGLE (Groundball, 5D) Gary Thomas to second
|
Batting: LHB Frank Geddes
|
0-0: Called Strike 0-1: Foul Ball, location: 2F 0-2: Ball 1-2: 3-RUN HOME RUN (Flyball, 9D), Distance : 375 ft
|
Batting: RHB Ray Yates
|
0-0: Called Strike 0-1: Ground out 5-3 (Groundball, 56)
|
Bottom of the 4th over - 3 run(s), 3 hit(s), 0 error(s), 0 left on base; Topeka 0 - Richmond 4 |
TOP OF THE 5TH |
Topeka Tornados batting - Pitching for Richmond Flairs : RHP John Smith
|
Batting: SHB Javier Peña
|
0-0: Ball 1-0: Foul Ball, location: 2F 1-1: Swinging Strike 1-2: Strikes out swinging, 2-3 out at first.
|
Batting: RHB Don Thomas
|
0-0: Called Strike 0-1: Ball 1-1: Called Strike 1-2: DOUBLE (Line Drive, 7LD)
|
Batting: SHB Giancarlo Giannini
|
0-0: Fly out, F8 (Line Drive, 8RD) Runner from 2nd tags up, SAFE at 3rd, no throw
|
Batting: RHB Desi Thompson
|
0-0: Foul Ball, location: 2F 0-1: Ball 1-1: Called Strike 1-2: Ball 2-2: Ground out 6-3 (Groundball, 6)
|
Top of the 5th over - 0 run(s), 1 hit(s), 0 error(s), 1 left on base; Topeka 0 - Richmond 4 |
BOTTOM OF THE 5TH |
Richmond Flairs batting - Pitching for Topeka Tornados : LHP Seiichi Yamamoto
|
Batting: RHB Javier Rentería
|
0-0: Ground out 4-3 (Groundball, 4)
|
Batting: RHB Freddy Padilla
|
0-0: Called Strike 0-1: Foul Ball, location: 2F 0-2: Foul Ball, location: 2F 0-2: Ball 1-2: SINGLE (Line Drive, 34D)
|
Batting: RHB Elliott Johnston
|
0-0: Ball 1-0: Called Strike 1-1: Fly out, F3 (Line Drive, 34)
|
Batting: RHB R.J. Crosby
|
0-0: Ball 1-0: SINGLE (Groundball, 6MD) Freddy Padilla to second
|
Batting: LHB Luis Villa
|
0-0: Called Strike 0-1: Ball 1-1: Foul Ball, location: 2F 1-2: Strikes out swinging
|
Bottom of the 5th over - 0 run(s), 2 hit(s), 0 error(s), 2 left on base; Topeka 0 - Richmond 4 |
TOP OF THE 6TH |
Topeka Tornados batting - Pitching for Richmond Flairs : RHP John Smith
|
Batting: LHB José López
|
0-0: Ball 1-0: Called Strike 1-1: Foul Ball, location: 2F 1-2: Ball 2-2: SINGLE (Groundball, 34D)
|
Batting: RHB Dave Henderson
|
0-0: Ball 1-0: Foul Ball, location: 2F 1-1: Foul Ball, location: 2F 1-2: Fielders Choice at 2nd, 1-6 (Groundball, 13)
|
Batting: RHB Armando Méndez
|
0-0: Called Strike Dave Henderson steals 2nd base 0-1: Called Strike 0-2: Foul Ball, location: 2F 0-2: Ball 1-2: Ball 2-2: Foul Ball, location: 2F 2-2: Ball 3-2: Base on Balls
|
Batting: RHB Gabriel Santana
|
0-0: Ball 1-0: Foul Ball, location: 2F 1-1: Called Strike Dave Henderson is caught stealing 3rd base Armando Méndez to second 1-2: Ball 2-2: Foul Ball, location: 2F 2-2: Ball 3-2: Strikes out looking and he ARGUES THE CALL AND IS TOSSED!
|
Top of the 6th over - 0 run(s), 1 hit(s), 0 error(s), 1 left on base; Topeka 0 - Richmond 4 |
BOTTOM OF THE 6TH |
Richmond Flairs batting - Pitching for Topeka Tornados : LHP Seiichi Yamamoto
|
Now in LF: Bill Frazier
|
|
Batting: RHB Gary Thomas
|
0-0: Ball 1-0: Fly out, F8 (Line Drive, 8LD)
|
Batting: SHB Carlos Reyes
|
0-0: Ball 1-0: Called Strike 1-1: SINGLE (Line Drive, 89S)
|
Batting: LHB Frank Geddes
|
0-0: Ball 1-0: Called Strike 1-1: Ball 2-1: Ball 3-1: Fly out, F7 (Flyball, 78XD)
|
Batting: RHB Ray Yates
|
Balk! Carlos Reyes to second 0-0: Ball 1-0: Foul Ball, location: 2F 1-1: Ball 2-1: SINGLE (Line Drive, 8RS) Carlos Reyes to third
|
Batting: RHB Javier Rentería
|
0-0: Called Strike 0-1: Ball 1-1: Ball 2-1: Ball 3-1: Base on Balls Ray Yates to second
|
Batting: RHB Freddy Padilla
|
0-0: Ball 1-0: SINGLE (Groundball, 34D) Carlos Reyes scores Ray Yates to third Javier Rentería to second Runner from 3rd tries for Home, SAFE, no throw
|
Pitching: RHP Reginaldo Coscia
|
|
Batting: RHB Elliott Johnston
|
0-0: Ball 1-0: Swinging Strike 1-1: Ball 2-1: Foul Ball, location: 2F 2-2: Ball 3-2: Strikes out swinging
|
Bottom of the 6th over - 2 run(s), 3 hit(s), 0 error(s), 2 left on base; Topeka 0 - Richmond 6 |
TOP OF THE 7TH |
Topeka Tornados batting - Pitching for Richmond Flairs : RHP John Smith
|
Batting: LHB Edward Rose
|
0-0: Ball 1-0: SINGLE (Line Drive, 34D)
|
Batting: SHB Javier Peña
|
0-0: Called Strike 0-1: Foul Ball, location: 2F 0-2: Foul Ball, location: 2F 0-2: SINGLE (Groundball, 56D) Edward Rose to second
|
Batting: RHB Don Thomas
|
0-0: Swinging Strike 0-1: Swinging Strike 0-2: Ball 1-2: Strikes out swinging
|
Batting: SHB Giancarlo Giannini
|
0-0: Ball 1-0: Called Strike 1-1: Foul Ball, location: 2F 1-2: Ball 2-2: Foul Ball, location: 2F 2-2: Ball 3-2: Foul Ball, location: 2F 3-2: Fly out, F3 (Line Drive, 34)
|
Pitching: RHP Octávio Morín
|
|
Batting: RHB Desi Thompson
|
0-0: Ball 1-0: Ball 2-0: Ball 3-0: Ground out 5-3 (Groundball, 5S)
|
Top of the 7th over - 0 run(s), 2 hit(s), 0 error(s), 2 left on base; Topeka 0 - Richmond 6 |
BOTTOM OF THE 7TH |
Richmond Flairs batting - Pitching for Topeka Tornados : RHP Reginaldo Coscia
|
Batting: RHB R.J. Crosby
|
0-0: Called Strike 0-1: Ball 1-1: Ball 2-1: Ball 3-1: Foul Ball, location: 2F 3-2: Base on Balls
|
Batting: LHB Luis Villa
|
0-0: Ball 1-0: Foul Ball, location: 2F 1-1: Ball 2-1: Ball 3-1: Base on Balls R.J. Crosby to second
|
Batting: RHB Gary Thomas
|
0-0: Ball 1-0: SINGLE (Flyball, 89S) R.J. Crosby to third Luis Villa to second
|
Batting: SHB Carlos Reyes
|
0-0: Ball 1-0: Ball 2-0: Ball 3-0: Base on Balls R.J. Crosby scores Luis Villa to third Gary Thomas to second
|
Batting: LHB Frank Geddes
|
0-0: Foul Ball, location: 2F 0-1: Called Strike 0-2: Ball 1-2: Strikes out looking
|
Batting: RHB Ray Yates
|
0-0: Ball 1-0: Called Strike 1-1: Foul Ball, location: 2F 1-2: SINGLE (Line Drive, 6D) Luis Villa scores Gary Thomas to third Carlos Reyes to second Runner from 3rd tries for Home, SAFE, throw made home Carlos Reyes to third Ray Yates to second
|
Batting: RHB Javier Rentería
|
0-0: Ground out 5-3 (Groundball, 56S) Carlos Reyes scores Ray Yates to third
|
Pitching: RHP Larry Jones
|
|
Pinch Hitting: RHB Jack Ray
|
0-0: Called Strike 0-1: Ball 1-1: Foul Ball, location: 2F 1-2: Fly out, F8 (Flyball, 8LM)
|
Bottom of the 7th over - 4 run(s), 2 hit(s), 0 error(s), 1 left on base; Topeka 0 - Richmond 10 |
TOP OF THE 8TH |
Topeka Tornados batting - Pitching for Richmond Flairs : RHP Octávio Morín
|
Now at 2B: Maresuke Yoshida
|
|
Batting: LHB José López
|
0-0: Ball 1-0: Swinging Strike 1-1: SINGLE (Groundball, 3D)
|
Batting: RHB Dave Henderson
|
0-0: Foul Ball, location: 2F 0-1: Ball 1-1: Swinging Strike 1-2: Ball 2-2: Ball 3-2: Grounds into double play, 3-6-3 (Groundball, 34)
|
Batting: RHB Armando Méndez
|
0-0: Called Strike 0-1: Ball 1-1: DOUBLE (Line Drive, 7)
|
Batting: LHB Bill Frazier
|
0-0: Ball 1-0: Ground out 6-3 (Groundball, 6S)
|
Top of the 8th over - 0 run(s), 2 hit(s), 0 error(s), 1 left on base; Topeka 0 - Richmond 10 |
BOTTOM OF THE 8TH |
Richmond Flairs batting - Pitching for Topeka Tornados : RHP Larry Jones
|
Batting: RHB Elliott Johnston
|
0-0: Ball 1-0: SINGLE (Groundball, 4S) (infield hit)
|
Batting: RHB R.J. Crosby
|
0-0: Called Strike 0-1: Ball 1-1: Ball 2-1: Ball 3-1: SINGLE (Line Drive, 8LS) Elliott Johnston to second
|
Batting: LHB Luis Villa
|
0-0: Foul Ball, location: 2F 0-1: Ball 1-1: Foul Ball, location: 2F 1-2: Foul Ball, location: 2F 1-2: Ball 2-2: Foul Ball, location: 2F 2-2: Foul Ball, location: 2F 2-2: Foul Ball, location: 2F 2-2: Foul Ball, location: 2F 2-2: Ball 3-2: Base on Balls Elliott Johnston to third R.J. Crosby to second
|
Batting: RHB Gary Thomas
|
0-0: Foul Ball, location: 2F 0-1: Fielders Choice at 2nd, 3-6 (Groundball, 34) Elliott Johnston scores R.J. Crosby to third
|
Batting: SHB Carlos Reyes
|
0-0: Ball 1-0: Called Strike 1-1: Ball 2-1: Foul Ball, location: 2F 2-2: Strikes out swinging
|
Batting: LHB Frank Geddes
|
0-0: Ball 1-0: Fly out, F6 (Popup, 6)
|
Bottom of the 8th over - 1 run(s), 2 hit(s), 0 error(s), 2 left on base; Topeka 0 - Richmond 11 |
TOP OF THE 9TH |
Topeka Tornados batting - Pitching for Richmond Flairs : RHP Octávio Morín
|
Now at C: Tadakuni Sugiyama
|
|
Now in LF: Roland Jones
|
|
Now in RF: Alberto Hernández
|
|
Batting: LHB Edward Rose
|
0-0: Fly out, F7 (Flyball, 7)
|
Batting: SHB Javier Peña
|
0-0: Ball 1-0: Fly out, F6 (Line Drive, 6M)
|
Batting: RHB Don Thomas
|
0-0: Called Strike 0-1: SINGLE (Groundball, 6MD)
|
Batting: SHB Giancarlo Giannini
|
0-0: Ball 1-0: Called Strike 1-1: Fielders Choice at 2nd, 4-6 (Groundball, 4)
|
Top of the 9th over - 0 run(s), 1 hit(s), 0 error(s), 0 left on base; Topeka 0 - Richmond 11 |
|